Map: Proxima Station LE

Players

Jason - Winner!

  • Race: Terran Terran
  • League: Grandmaster
  • Spawn Location: 7:00

Snake

  • Race: Zerg Zerg
  • League: Grandmaster
  • Spawn Location: 1:00

VOD

Have the link to the VOD?

Description

Time

  • Played on: April 19, 2017, 7:02 p.m.
  • Length: 10:41
Show
View Real Time Build Order
Export as new Build Order

Jason Terran - Winner!

Build Orders: Reaper Expand, Bio Mine 

Get SALT Encoding   

  12  0:01  SCV  
  13  0:13  SCV  
  14  0:18  Supply Depot  
  14  0:25  SCV  
  15  0:40  SCV  
  15  0:41  Barracks  
  16  0:44  Refinery  
  16  0:52  SCV  
  17  1:04  SCV  
  18  1:16  SCV  
  19  1:30  Reaper  
  19  1:31  Orbital Command  
  20  1:44  Command Center  
  20  1:56  Barracks  
  20  1:59  SCV  
  21  2:06  Barracks Reactor  
  21  2:10  Refinery  
  21  2:12  SCV  
  22  2:22  Supply Depot  
  22  2:24  SCV  
  23  2:31  Factory  
  23  2:43  Marine x2, SCV  
  23  2:44  Barracks Tech Lab  
  26  2:56  SCV  
  26  2:57  Orbital Command  
  27  3:02  Marine x2  
  27  3:04  Marine  
  30  3:10  Stimpack  
  30  3:12  SCV  
  31  3:20  Starport  
  31  3:26  Factory Reactor  
  31  3:28  SCV  
  31  3:30  Marine  
  31  3:31  Marine  
  31  3:33  Marine  
  35  3:36  SCV  
  36  3:43  SCV  
  36  3:44  Supply Depot  
  36  3:48  Marine  
  38  3:49  Marine, SCV  
  38  3:53  Marine  
  41  3:58  SCV  
  41  3:59  Supply Depot  
  41  4:03  SCV  
  41  4:07  Marine x2  
  44  4:11  Medivac x2  
  44  4:13  Marine  
  44  4:15  Widow Mine  
  51  4:17  SCV  
  51  4:19  SCV  
  53  4:24  Supply Depot  
  53  4:26  Marine x2  
  53  4:29  SCV  
  56  4:31  Marine  
  56  4:35  SCV  
  58  4:46  Marine x2  
  58  4:47  Medivac  
  58  4:49  Factory Reactor  
  58  4:50  SCV  
  58  4:51  SCV  
  64  4:55  Supply Depot  
  64  4:58  Engineering Bay  
  64  5:00  Engineering Bay  
  64  5:02  SCV  
  64  5:04  Marine  
  64  5:05  SCV, Supply Depot  
  67  5:11  Marine x2  
  67  5:14  Combat Shields, SCV  
  70  5:26  SCV  
  70  5:27  Marine  
  72  5:29  Marine  
  72  5:33  Command Center, SCV  
  74  5:35  Refinery  
  74  5:45  Factory Reactor  
  73  5:52  SCV  
  73  5:53  Terran Infantry Weapons Level 1, Terran Infantry Armor Level 1  
  74  5:58  SCV  
  74  5:59  Barracks  
  74  6:00  Barracks  
  74  6:03  Marine x2, Barracks  
  77  6:07  SCV  
  78  6:11  Supply Depot  
  69  6:23  Marine x2  
  69  6:25  SCV  
  65  6:26  Widow Mine x2  
  65  6:28  Starport Reactor  
  65  6:30  SCV  
  68  6:36  Marine  
  68  6:37  SCV  
  70  6:41  Marine  
  70  6:43  Armory  
  70  6:46  Marine x2  
  73  6:51  Supply Depot  
  73  6:52  SCV  
  73  6:54  Supply Depot  
  74  6:55  SCV  
  74  6:57  Marine x2  
  74  6:58  Marine  
  74  6:59  Barracks Reactor  
  78  7:04  SCV  
  78  7:08  Orbital Command, SCV  
  80  7:09  Refinery  
  80  7:11  Marine  
  80  7:13  Marine x3  
  80  7:14  Widow Mine x2  
  88  7:16  SCV  
  88  7:20  SCV  
  90  7:23  Supply Depot x2  
  90  7:24  Marine  
  90  7:28  Marine x2, SCV  
  90  7:29  Marine, Factory  
  95  7:32  SCV  
  95  7:33  Marine x2  
  95  7:35  Medivac x2  
  102  7:37  SCV  
  102  7:40  SCV  
  102  7:42  Marine x3  
  107  7:49  SCV x2  
  109  7:51  Supply Depot  
  109  7:54  Supply Depot  
  109  7:57  Marine x2  
  109  7:58  Marine  
  109  8:02  Marine x2  
  109  8:03  Marine x4, Widow Mine x2  
  117  8:06  SCV x3  
  118  8:14  Factory Tech Lab, Medivac  
  118  8:15  Marine x3, Medivac  
  118  8:18  Terran Infantry Weapons Level 2  
  125  8:20  Marine x2  
  125  8:21  Terran Infantry Armor Level 2  
  127  8:29  Liberator x2  
  127  8:32  Widow Mine x2  
  125  8:45  Marine x9  
  140  8:52  Command Center  
  140  8:58  Widow Mine, Drilling Claws  
  140  9:02  Marine x2, SCV x3, Refinery  
  145  9:03  Refinery  
  147  9:10  Barracks x2  
  147  9:14  Barracks  
  147  9:17  Marine x4  
  147  9:18  Marauder  
  153  9:29  Liberator  
  151  9:44  Marine x3  
  151  9:45  Marauder  
  151  9:51  Marine  
  151  9:52  Marine x3  
  148  9:55  Missile Turret x3  
  148  9:56  Missile Turret  
  148  9:57  Missile Turret  
  148  9:58  Marine  
  148  9:59  Missile Turret  
  148  10:01  Barracks Tech Lab x2  
  146  10:11  Marine x2  
  146  10:12  Marine  
  146  10:13  Marine x3  
  146  10:14  Marine  
  145  10:15  Marine x2  
  145  10:16  Marine  
Show
View Real Time Build Order
Export as new Build Order

Snake Zerg 

Build Orders: Hatch First, Muta Ling Bane 

Get SALT Encoding   

  12  0:01  Drone  
  13  0:13  Overlord  
  13  0:17  Drone  
  14  0:31  Drone x2  
  14  0:35  Drone  
  17  0:54  Hatchery  
  16  1:09  Spawning Pool, Drone  
  16  1:12  Drone  
  16  1:16  Drone  
  18  1:22  Drone, Extractor  
  18  1:33  Drone  
  19  1:42  Drone  
  20  1:53  Overlord  
  20  1:58  Queen  
  22  2:06  Queen  
  22  2:08  Zergling x4  
  25  2:14  Drone  
  27  2:17  Drone  
  28  2:25  Drone  
  28  2:28  Metabolic Boost  
  29  2:31  Drone  
  30  2:41  Drone  
  30  2:44  Drone  
  30  2:48  Drone  
  32  2:52  Drone  
  32  2:57  Overlord  
  33  3:02  Overlord  
  33  3:07  Zergling x6  
  33  3:12  Overlord  
  36  3:16  Queen  
  36  3:18  Drone x3  
  36  3:19  Drone  
  42  3:22  Queen  
  42  3:26  Drone  
  42  3:27  Drone  
  46  3:33  Drone  
  47  3:37  Drone  
  48  3:42  Drone x2  
  48  3:43  Drone  
  48  3:48  Drone  
  52  3:55  Zergling x2  
  52  3:56  Zergling x4  
  55  4:03  Evolution Chamber  
  55  4:04  Evolution Chamber  
  51  4:15  Hatchery  
  51  4:16  Queen x2  
  54  4:25  Extractor  
  54  4:30  Zerg Ground Armor Level 1, Zerg Melee Weapons Level 1  
  54  4:31  Zergling x4  
  55  4:35  Zergling x6  
  55  4:38  Zergling x2  
  59  4:40  Zergling x2  
  60  4:48  Overlord  
  60  4:50  Overlord  
  60  4:55  Overlord  
  60  5:04  Overlord  
  60  5:06  Queen x2, Overlord  
  64  5:09  Drone  
  64  5:10  Drone x3  
  64  5:11  Baneling Nest, Zergling x2  
  64  5:13  Zergling x2  
  69  5:19  Zergling x6  
  69  5:22  Zergling x6  
  69  5:25  Zergling x4  
  73  5:30  Drone  
  73  5:34  Drone  
  75  5:37  Drone  
  75  5:38  Zergling x2  
  76  5:47  Drone x4  
  77  5:53  Zergling x2  
  77  5:54  Zergling x8  
  82  5:58  Baneling  
  82  5:59  Baneling x5, Spore Crawler  
  82  6:01  Lair  
  82  6:03  Queen  
  83  6:06  Drone  
  83  6:07  Drone x3, Extractor  
  83  6:09  Drone  
  83  6:10  Drone  
  77  6:22  Zergling x2  
  73  6:28  Zergling x12  
  73  6:31  Zergling x8  
  83  6:34  Drone x2  
  83  6:36  Extractor  
  83  6:39  Queen  
  86  6:40  Zergling x2  
  86  6:41  Zergling x4  
  86  6:45  Zergling x4  
  91  6:47  Drone  
  91  6:48  Drone x2  
  91  6:49  Overlord  
  94  6:56  Drone x2  
  94  6:57  Drone  
  94  6:58  Drone  
  94  6:59  Zerg Melee Weapons Level 2  
  94  7:00  Zerg Ground Armor Level 2  
  98  7:06  Overlord x2  
  98  7:12  Extractor x2  
  98  7:14  Drone, Overlord  
  98  7:15  Drone  
  98  7:20  Overlord  
  98  7:26  Drone x2  
  98  7:27  Spire  
  98  7:28  Zergling x8  
  98  7:29  Zergling x2  
  104  7:32  Zergling x4  
  104  7:33  Zergling x2  
  104  7:36  Drone x2  
  109  7:39  Drone x3  
  109  7:41  Drone x2  
  109  7:43  Overseer  
  114  7:44  Baneling x2  
  114  7:45  Baneling  
  114  7:46  Zergling x2  
  114  7:50  Zergling x4  
  114  7:51  Zergling x2  
  110  8:03  Zergling x2  
  108  8:10  Zergling x6  
  108  8:11  Drone  
  112  8:13  Drone  
  112  8:15  Zergling x6  
  112  8:16  Zergling x6  
  119  8:22  Drone x2  
  119  8:23  Infestation Pit, Drone, Spore Crawler  
  119  8:24  Spore Crawler  
  118  8:27  Zergling x4  
  101  8:43  Mutalisk x10  
  101  8:45  Zergling x2  
  101  8:46  Zergling x4  
  119  8:53  Zergling x4  
  119  8:55  Baneling x4  
  121  9:02  Hatchery, Overlord  
  120  9:07  Overlord x2  
  120  9:11  Centrifical Hooks  
  120  9:17  Hive  
  120  9:33  Zergling x4  
  120  9:34  Queen x2, Zergling x8  
  120  9:36  Zergling x10  
  120  9:37  Zergling x2  
  130  9:40  Zergling x6  
  130  9:42  Zergling x2  
  130  9:45  Zergling x6  
  119  9:54  Mutalisk x3  
  119  9:55  Zergling x2  
  119  9:56  Drone  
  127  10:02  Zergling x6  
  127  10:04  Overseer  
  127  10:06  Baneling x6  
  127  10:07  Baneling  
  130  10:14  Zergling x12  
  117  10:17  Zergling x4  
Tags
 
Add a new tag
Caveats
  • Supply blocks, unpowered buildings, or Contaminate may cause inaccurate times.
  • Supply counts are checked every 10 seconds.